 Dungeon Crawl Stone Soup version 0.30.1-11-g7821555f0a (webtiles) character file.

Game seed: 6630756010806366526

123533 playitsafe the Unseen (level 16, -3/214 (216) HPs)
             Began as a Pale Draconian Enchanter on Dec 9, 2023.
             Was an Initiate of Gozag.
             Hit by a javelin thrown by a merfolk javelineer (6 damage)
             ... on level 4 of the Shoals.
             The game lasted 02:43:55 (37240 turns).

playitsafe the Unseen (Pale Draconian Enchanter)   Turns: 37240, Time: 02:43:56

HP:   -3/214 (216)  AC: 20    Str:  9    XL:     16   Next: 37%
MP:   16/25         EV: 19    Int: 28    God:    Gozag
Gold: 163           SH:  5    Dex: 21    Spells: 5/27 levels left

rFire   + . .        I - +9 rapier (holy)
rCold   + . .        (no shield)
rNeg    + . .        (body armour unavailable)
rPois   +            Y - +2 hat {Stlth+}
rElec   +            C - +2 cloak
rCorr   +            S - +2 pair of gloves {Stlth+}
SInv    .            p - +2 pair of boots
Will    +....        P - amulet "Soudgh" {Reflect Int+4 SH+5 Stlth+} Stlth
                     d - ring of flight
HPRegen 0.55/turn    r - ring of Moodiness {rC+ rN+ rCorr Dex+6}
MPRegen 0.19/turn

%: reflection
@: mighty, berserking, resistant, gold aura, flying, studying Stealth, lightly
drained, very quick
A: breathe steam, AC +9, unfitting armour, cold-blooded, steam resistance, agile
1, cold vulnerability 1
a: Breathe Steam, Renounce Religion, Potion Petition, Call Merchant, Bribe
Branch


You were on level 4 of the Shoals.
You worshipped Gozag.
Gozag was aware of your devotion.
You visited 4 branches of the dungeon, and saw 26 of its levels.
You also visited: Sewer and Bailey.

You collected 8030 gold pieces.
You spent 2236 gold pieces at shops.
You paid 5631 gold pieces to Gozag.

Inventory:

Hand Weapons
 h - a +3 vampiric rapier
 I - a +9 rapier of holy wrath (weapon)
Missiles
 n - 4 datura-tipped darts
 G - 20 poisoned darts
 Q - 6 atropa-tipped darts
 R - a curare-tipped dart
Armour
 p - a +2 pair of boots (worn)
 C - a +2 cloak (worn)
 S - a +2 pair of gloves of stealth (worn)
 Y - a +2 hat of stealth (worn)
Jewellery
 b - a +4 ring of protection
 d - a ring of flight (left hand)
 j - a ring of protection from fire
 r - the ring of Moodiness (right hand) {rC+ rN+ rCorr Dex+6}
   (You found it on level 2 of the Dungeon)

   [ring of protection from cold]

   Dex:       It affects your dexterity (+6).
   rC:        It protects you from cold.
   rN:        It protects you from negative energy.
   rCorr:     It protects you from acid and corrosion.
 w - a ring of magical power
 A - an amulet of magic regeneration
 B - a ring of protection from fire
 J - a ring of wizardry
 K - an amulet of guardian spirit
 P - the amulet "Soudgh" (around neck) {Reflect Int+4 SH+5 Stlth+}
   (You found it on level 14 of the Dungeon)

   [amulet of reflection]

   It reflects blocked missile attacks.
   Int:       It affects your intelligence (+4).
   SH:        It affects your SH (+5).
   Stlth:     It makes you more stealthy.
Wands
 T - a wand of quicksilver (5)
 V - a wand of roots (7)
 W - a wand of paralysis (2)
Scrolls
 a - 2 scrolls of poison
 g - a scroll of brand weapon
 i - 4 scrolls of immolation
 l - a scroll of amnesia
 m - 2 scrolls of blinking
 o - 2 scrolls of fear
 v - 12 scrolls of teleportation
 x - 4 scrolls of magic mapping
 y - 3 scrolls of enchant armour
 H - 2 scrolls of fog
 U - 5 scrolls of vulnerability
 X - a scroll of summoning
 Z - 2 scrolls of silence
Potions
 c - 4 potions of resistance
 k - 3 potions of flight
 q - 4 potions of haste
 s - a potion of berserk rage
 t - 2 potions of brilliance
 u - 2 potions of magic
 D - 2 potions of cancellation
 E - a potion of invisibility
 F - 9 potions of lignification
 L - 3 potions of attraction
 M - 6 potions of might
 O - 2 potions of ambrosia
Miscellaneous
 f - a lightning rod (4/4)
 z - a phantom mirror
 N - a box of beasts


   Skills:
 + Level 13.5 Fighting
 + Level 13.1 Short Blades
 - Level 10.0 Dodging
 + Level 16.7 Stealth
 - Level 6.0 Spellcasting
 - Level 5.0 Conjurations
 - Level 11.0 Hexes
 - Level 1.0 Fire Magic
 + Level 8.9 Air Magic
 - Level 1.0 Earth Magic
 - Level 3.0 Poison Magic
 + Level 2.6 Evocations


You had 5 spell levels left.
You knew the following spells:

 Your Spells              Type           Power      Damage    Failure   Level
a - Ensorcelled Hibernat  Hex/Ice        78%        N/A       1%          2
b - Tukima's Dance        Hex            63%        N/A       1%          3
c - Dazzling Flash        Conj/Hex       100%       N/A       1%          3
d - Arcjolt               Conj/Air       23%        1d33      10%         5
e - Mephitic Cloud        Conj/Pois/Air  39%        N/A       1%          3
f - Summon Mana Viper     Hex/Summ       39%        N/A       17%         5
g - Apportation           Tloc           16%        N/A       6%          1

Your spell library contained the following spells:

 Spells                   Type           Power      Damage    Failure   Level
 Magic Dart               Conj           100%       1d8       1%          1
 Poisonous Vapours        Pois/Air       82%        N/A       1%          2
 Confusing Touch          Hex            63%        N/A       1%          3
 Kiss of Death            Conj/Necr      88%        2d12      2%          1
 Fulminant Prism          Conj/Hex       26%        3d14      2%          4
 Silence                  Hex/Air        29%        N/A       2%          5
 Sting                    Tmut/Pois      64%        1d6       3%          1
 Vhi's Electric Charge    Tloc/Air       66%        N/A       3%          3
 Sandblast                Erth           28%        2d8       4%          1
 Leda's Liquefaction      Hex/Erth       21%        N/A       4%          4
 Stone Arrow              Conj/Erth      50%        3d10      5%          3
 Necrotise                Necr           32%        1d5       6%          1
 Passwall                 Tmut/Erth      9%         N/A       8%          2
 Call Imp                 Summ           16%        N/A       9%          2
 Ignite Poison            Fire/Tmut/Pois 15%        N/A       11%         3
 Volatile Blastmotes      Fire/Tloc      22%        2d11      14%         3
 Olgreb's Toxic Radiance  Pois           25%        N/A       17%         4
 Sticky Flame             Conj/Fire      25%        2d5       17%         4
 Gell's Gravitas          Tloc           8%         N/A       19%         3
 Teleport Other           Tloc           8%         N/A       19%         3
 Vampiric Draining        Necr           8%         2d6       19%         3
 Iskenderun's Mystic Bla  Conj/Tloc      22%        2d6       22%         4
 Freezing Cloud           Conj/Ice/Air   17%        6-21      26%         5
 Dispel Undead            Necr           8%         3d8       52%         4
 Alistair's Intoxication  Tmut/Pois      10%        N/A       65%         5
 Lee's Rapid Deconstruct  Erth           7%         3d6*      73%         5
 Borgnjor's Vile Clutch   Necr/Erth      5%         N/A       80%         5
 Agony                    Necr           8%         N/A       86%         5
 Blade Hands              Tmut           4%         N/A       86%         5
 Summon Forest            Summ/Tloc      4%         N/A       86%         5
 Conjure Ball Lightning   Conj/Air       23%        3x3d6     47%         6
 Plasma Beam              Fire/Air       18%        2x1d32    77%         6
 Iron Shot                Conj/Erth      12%        9d3       95%         6
 Discord                  Hex            31%        N/A       99%         8
 Dispersal                Tloc           4%         N/A       100%        6
 Statue Form              Tmut/Erth      7%         N/A       100%        6
 Summon Cactus Giant      Summ           4%         N/A       100%        6
 Spellforged Servitor     Conj/Summ      11%        N/A       100%        7
 Disjunction              Tloc           4%         N/A       100%        8
 Animate Armour           Summ/Erth      Unusable   N/A       N/A         4

Dungeon Overview and Level Annotations

Branches:
Dungeon (15/15)              Lair (5/5) D:10         Shoals (4/4) Lair:3
 Spider (0/4) Lair:2        Slime (0/5) Lair:5          Orc (2/2) D:10
    Elf (0/3) Orc:2        Vaults (0/5) D:13         Depths (0/4) D:15
  Sewer (visited)          Bailey (visited)
 Temple: D:4-7

Altars:
Cheibriados
Dithmenos
Gozag
Hepliaklqana
Nemelex Xobeh
Okawaru
Qazlal
Uskayaw
Wu Jian
Xom
Zin

Shops:
D:4 *   D:7 *   D:11 *   D:13 (=((:   D:14 *   Orc:2 ?=*?   Lair:1 [*
Shoals:1 (   Shoals:3 [=

Annotations:
D:3 1 runed translucent door, mmk665's ghost, amateur GrBe
D:14 4 runed translucent doors, Jerry's ghost, journeyman TrGl
Lair:1 1 runed translucent door
Shoals:1 2 runed translucent doors, ozzols's ghost, adept MiBe
Shoals:3 2 exclusions, Bai Suzhen


Innate Abilities, Weirdness & Mutations

You can breathe blasts of scalding, opaque steam.
Your pale cyan-grey scales are hard. (AC +9)
You cannot fit into any form of body armour.
You are cold-blooded and may be slowed by cold attacks.
You are immune to the effects of steam.
You are agile. (Dex +4, Str/Int -1)
You are vulnerable to cold. (rC-)


Message History

You feel much better.
The merfolk javelineer throws a javelin.
The javelin pierces through you!
* * * LOW HITPOINT WARNING * * *
You puncture the merfolk javelineer!
The merfolk javelineer is moderately wounded.
Casting: Summon Mana Viper (dangerous; 17% risk of failure)
Confirm with . or Enter, or press ? or * to list all spells.
Aiming: Ensorcelled Hibernation (safe; 1% risk of failure)
Press: ? - help, Shift-Dir - straight line, f - merfolk
Aim: a merfolk, wielding a +0 trident and quivering boomerangs (chance to affect: 49%)
The merfolk is no longer distracted by gold.
The merfolk looks drowsy...
You have got your breath back.
The merfolk javelineer throws a javelin.
The javelin barely misses you.
The helpless merfolk fails to defend itself.
You spit the merfolk like a pig!!!!!
You kill the merfolk!
The merfolk javelineer hits you but does no damage.
You hit the merfolk javelineer.
The merfolk javelineer is moderately wounded.
You puncture the merfolk javelineer!
The merfolk javelineer is heavily wounded.
The merfolk javelineer throws a javelin.
The javelin pierces through you!
* * * LOW HITPOINT WARNING * * *
You impale the merfolk javelineer!!
Your tail-slap misses the merfolk javelineer.
The merfolk javelineer is severely wounded.
The merfolk javelineer throws a javelin.
The javelin pierces through you!!
* * * LOW HITPOINT WARNING * * *
Okay, then.
A red film seems to cover your vision as you go berserk!
You feel yourself moving faster!
You feel mighty!
The merfolk javelineer throws a javelin.
The javelin pierces through you.
You die...
Your body crumbles into a pile of gold.

~~~~~~,*##.........~~~≈≈≈≈≈≈≈~~~~
~~~~~~~,......)....~~~≈≈≈≈≈≈≈~~~~
≈≈~~~~~~...........~~~≈≈≈≈≈≈≈~~~~
≈≈≈~~~~~...........~~~≈≈≈≈≈≈≈~~~~
≈≈≈~~~~~...........~~~≈≈≈≈≈≈≈~~~~
≈≈≈~~~~~...#####...~~~≈≈≈≈≈≈≈~~~~
≈≈≈~~~~~~.##...##..~~≈≈≈≈≈≈≈~~~~~
≈≈≈~~~~~~~#.....#..~~≈≈≈≈≈≈~~~~~~
≈≈≈~~~~~~,#..φ.$@$.~~≈≈≈≈≈~~~~~~~
≈≈≈~~~~~~,#....m#$~~~≈≈≈≈~~~~~~~~
≈≈≈~~~~~~~##...##.~~≈≈≈≈≈~~~~~~~~
≈≈≈~~~~~~~~####*.~~≈≈≈≈≈≈~~~~~~~~
≈≈≈~~~~~~~~~,,~~~~≈≈≈≈≈≈≈~~~~~~~~
≈≈≈~~~~~~~~~~~~~~≈≈≈≈≈≈≈≈~~~~~~~~
≈≈≈~~~~~~~~~~~~~≈≈≈≈≈≈≈≈≈~~~~~~~~
≈≈≈~~~~~~~~~~~~~~≈≈≈≈≈≈≈~~~~~~~~~
≈≈≈~~~~~~~~~~~~~~~~~~~~~~~~~~~~~~


You could see a merfolk javelineer.

Vanquished Creatures
  Rupert (Lair:3)
  A kraken (Shoals:4)
  Kirke (Lair:3)
  2 orc warlords
  Snorg (Lair:3)
  An ettin (Orc:2)
  3 merfolk javelineers (Shoals:4)
  5 merfolk impalers (Shoals:4)
  4 hydras
  An anaconda (Lair:4)
  2 boulder beetles
  5 vault guards (D:13)
  2 catoblepae
  2 merfolk avatars (Shoals:4)
  2 alligator snapping turtles
  4 centaur warriors
  4 two-headed ogres
  2 tengu warriors
  A merfolk aquamancer (Shoals:4)
  5 death yaks (Lair:5)
  The ghost of bimbombam the Basher, a novice MiMo of Okawaru (D:7)
  3 skysharks
  Amaemon (Lair:3)
  Lodul (D:14)
  6 sea snakes
  A deep elf archer (D:13)
  3 harpies (Shoals:4)
  A necromancer (D:15)
  4 orc knights
  Pikel (D:7)
  2 wolf spiders
  2 orc sorcerers (D:15)
  7 manticores
  13 fauns
  3 ugly things (D:15)
  3 deep elf pyromancers
  13 elephants
  6 cyclopes
  4 merfolk sirens
  2 centaur zombies (D:15)
  8 black mambas
  4 water nymphs
  A centaur skeleton (D:15)
  An orange demon (Lair:3)
  10 cane toads
  2 rime drakes
  A yaktaur (D:13)
  2 efreet (D:14)
  5 tengu conjurers
  9 komodo dragons
  A hornet (D:8)
  4 trolls
  Grinder (D:3)
  4 wind drakes
  15 merfolk
  10 polar bears
  5 blink frogs
  A raiju (shapeshifter) (D:13)
  4 raiju (Lair:5)
  5 dream sheep
  A jumping spider (Lair:2)
  4 snapping turtles
  A shadow (D:12)
  7 wyverns
  12 slime creatures
  3 water elementals
  A human (shapeshifter) (D:13)
  2 wraiths
  34 yaks
  A human (Lair:3)
  7 basilisks
  6 hogs
  3 steam dragons
  2 chaos spawn (D:10)
  A redback (Lair:2)
  Grum (D:8)
  A redback simulacrum (D:15)
  3 vampire mosquitoes (D:10)
  Edmund (D:5)
  10 wargs
  3 acid dragons (Lair:5)
  23 water moccasins
  13 hell hounds (Lair:5)
  3 ice beasts
  37 orc warriors
  3 sky beasts
  9 ogres
  13 black bears
  9 centaurs
  15 wolves
  2 phantoms
  21 bullfrogs
  An elf zombie (D:7)
  A kobold brigand (D:10)
  A gnoll sergeant (D:7)
  2 elf skeletons (D:7)
  4 scorpions
  8 wights
  9 killer bees
  9 electric eels
  2 howler monkeys
  2 hounds
  2 jellies
  A human zombie (D:7)
  10 orc priests
  Terence (D:2)
  9 iguanas
  Natasha (thrice) (D:2 D:1)
  10 orc wizards
  A hell rat (Sewer)
  A boggart simulacrum (D:15)
  Robin (D:2)
  8 gnolls
  4 adders
  5 river rats
  A shadow imp (D:7)
  2 ufetubi (D:4)
  6 worms
  2 dart slugs
  62 orcs
  13 endoplasms
  4 giant cockroaches
  35 goblins
  16 hobgoblins
  7 jackals
  11 kobolds
  3 quokkas
  5 ball pythons
  3 bats
  An orc skeleton (D:7)
  An orc zombie (D:7)
  16 rats
754 creatures vanquished.

Vanquished Creatures (collateral kills)
  Polyphemus (Shoals:4)
  A two-headed ogre (D:10)
  A death yak (Shoals:4)
  7 orc knights (Orc:2)
  A faun (Shoals:1)
  2 merfolk sirens (Shoals:1)
  2 gargoyles (D:12)
  An unseen horror (D:12)
  A water elemental (Shoals:4)
  A death yak simulacrum (Lair:1)
  8 orc warriors
  A wight (D:9)
  2 orc priests
  An orc wizard (Orc:2)
  2 gnolls
  2 orcs (Orc:2)
  A kobold (D:10)
35 creatures vanquished.

Vanquished Creatures (others)
  A wizard (D:13)
  A yak (D:11)
  13 dancing weapons
  2 centaurs
17 creatures vanquished.

Grand Total: 806 creatures vanquished

Notes
Turn   | Place    | Note
-------+----------+-------------------------------------------
     0 | D:1      | playitsafe the Draconian Enchanter began the quest for the
                  | Orb.
     0 | D:1      | Reached XP level 1. HP: 14/14 MP: 3/3
     1 | D:1      | Found a runed translucent door.
   126 | D:1      | Reached XP level 2. HP: 22/22 MP: 5/5
   137 | D:1      | Learned a level 2 spell: Ensorcelled Hibernation
   338 | D:1      | Reached skill level 1 in Fighting
   367 | D:1      | Reached skill level 3 in Stealth
   533 | D:1      | Reached XP level 3. HP: 16/28 MP: 6/6
   878 | D:2      | Noticed Natasha
   889 | D:2      | Killed Natasha
   890 | D:2      | Reached XP level 4. HP: 28/36 MP: 4/7
   952 | D:2      | Learned a level 3 spell: Tukima's Dance
  1313 | D:2      | Noticed Natasha
  1322 | D:2      | Identified the ring of Moodiness {rC+ rN+ rCorr Dex+6}
  1337 | D:2      | Killed Natasha
  1338 | D:2      | Reached XP level 5. HP: 37/41 MP: 5/8
  1420 | D:2      | Identified the +1 robe of Optimism {Stlth+}
  1420 | D:2      | Noticed Natasha
  1451 | D:1      | Killed Natasha
  1687 | D:2      | Noticed Terence
  1696 | D:2      | Killed Terence
  2046 | D:3      | Noticed Grinder
  2054 | D:3      | Paralysed by Grinder for 3 turns
  2067 | D:3      | Paralysed by Grinder for 4 turns
  2076 | D:3      | Paralysed by Grinder for 2 turns
  2275 | D:3      | Paralysed by Grinder for 5 turns
  2370 | D:3      | Learned a level 3 spell: Dazzling Flash
  2510 | D:3      | Paralysed by Grinder for 4 turns
  2522 | D:3      | Paralysed by Grinder for 2 turns
  2527 | D:3      | Killed Grinder
  2528 | D:3      | Reached skill level 4 in Stealth
  2528 | D:3      | Reached XP level 6. HP: 6/51 MP: 3/9
  2763 | D:3      | Found a faded altar of an unknown god.
  2857 | D:3      | Found a runed translucent door.
  2889 | D:3      | Noticed mmk665's ghost (amateur GrBe)
  2904 | D:3      | Noticed Robin
  3076 | D:2      | Killed Robin
  3290 | D:4      | Noticed an ice beast
  3321 | D:4      | Found a glowing drain.
  3373 | Sewer    | Entered a sewer
  3479 | Sewer    | Your scales start taking on a pale cyan-grey colour.
  3479 | Sewer    | Reached XP level 7. HP: 57/57 MP: 5/10
  3479 | Sewer    | Gained mutation: You are immune to the effects of steam.
                  | [Pale Draconian growth]
  3777 | D:4      | Found an opulent altar of Gozag.
  3869 | D:4      | Became a worshipper of Gozag Ym Sagoz the Greedy
  4056 | D:4      | Found Kauzod's Neck Hole.
  4451 | D:5      | Entered Level 5 of the Dungeon
  4511 | D:5      | Noticed Edmund
  4530 | D:5      | Killed Edmund
  4531 | D:5      | Reached skill level 5 in Stealth
  4531 | D:5      | Reached XP level 8. HP: 62/67 MP: 8/11
  4710 | D:5      | Found a sparkling altar of Nemelex Xobeh.
  4734 | D:5      | Reached skill level 5 in Hexes
  4785 | D:5      | Reached skill level 5 in Fighting
  4801 | D:5      | Found a stormy altar of Qazlal.
  4916 | D:6      | You fall into a shaft and drop 1 floor!
  4972 | D:7      | Found a snail-covered altar of Cheibriados.
  5105 | D:7      | Found a hide-covered altar of Uskayaw.
  5105 | D:7      | Noticed a +0 short sword
  5105 | D:7      | Noticed a +0 dagger
  5105 | D:7      | Noticed a +0 dagger
  5105 | D:7      | Noticed a +0 spear
  5154 | D:7      | Noticed a +0 short sword
  5155 | D:7      | Noticed a +0 falchion
  5155 | D:7      | Noticed a +0 spear
  5155 | D:7      | Noticed a +0 falchion
  5245 | D:7      | Reached skill level 5 in Short Blades
  5366 | D:7      | Found a flagged portal.
  5400 | Bailey   | Entered a bailey
  5479 | Bailey   | Reached skill level 5 in Dodging
  5479 | Bailey   | Reached XP level 9. HP: 61/74 MP: 2/12
  5586 | Bailey   | Reached skill level 6 in Stealth
  5882 | Bailey   | Noticed an orc warlord
  5961 | Bailey   | Killed an orc warlord
  6158 | Bailey   | Got the Discourse on Metal and the Dose
  6181 | Bailey   | Acquired a +2 rapier of holy wrath
  6371 | Bailey   | Reached skill level 7 in Stealth
  6417 | Bailey   | Reached XP level 10. HP: 84/84 MP: 3/13
  6661 | D:7      | Found a runed translucent gate.
  6661 | D:7      | Found a runed translucent gate.
  6663 | D:7      | Found a runed translucent gate.
  6737 | D:7      | Noticed bimbombam's ghost (novice MiMo)
  6861 | D:7      | Found an ornate altar of the Wu Jian Council.
  6881 | D:7      | Noticed Pikel
  6887 | D:7      | Killed Pikel
  6957 | D:7      | Found a faded altar of an unknown god.
  6957 | D:7      | Found a hazy altar of Hepliaklqana.
  6959 | D:7      | Found a faded altar of an unknown god.
  7393 | D:8      | Learned a level 2 spell: Call Imp
  7410 | D:8      | Noticed Grum
  7424 | D:8      | Killed Grum
  8058 | D:8      | Found a shimmering altar of Xom.
  8121 | D:8      | Noticed a two-headed ogre
  8128 | D:8      | Killed a two-headed ogre
  8129 | D:8      | Reached skill level 8 in Stealth
  8404 | D:9      | Noticed a two-headed ogre
  8414 | D:8      | Killed a two-headed ogre
  8448 | D:8      | Reached XP level 11. HP: 72/92 MP: 6/14
  8875 | D:9      | Found a shadowy altar of Dithmenos.
  9180 | D:10     | Entered Level 10 of the Dungeon
  9196 | D:10     | Found a glowing silver altar of Zin.
  9233 | D:10     | Noticed a two-headed ogre
  9256 | D:10     | Killed a two-headed ogre
  9466 | D:10     | Noticed a two-headed ogre
  9473 | D:10     | Killed a two-headed ogre
  9528 | D:10     | Found the +7 mace of Variability {chaos, chaos arc}
  9549 | D:10     | Noticed an orc knight
  9584 | D:10     | Killed an orc knight
  9735 | D:10     | Found a shimmering altar of Xom.
  9962 | D:10     | Found a staircase to the Orcish Mines.
 10134 | D:10     | Found a staircase to the Lair.
 10226 | D:10     | Paralysed by a chaos spawn for 2 turns
 10599 | Lair:1   | Entered Level 1 of the Lair of Beasts
 10756 | Lair:1   | Reached skill level 9 in Stealth
 11566 | Lair:1   | Bought a wand of roots (4) for 144 gold pieces
 11566 | Lair:1   | Bought a potion of resistance for 150 gold pieces
 11566 | Lair:1   | Bought a potion of lignification for 45 gold pieces
 11712 | Lair:1   | Reached XP level 12. HP: 106/106 MP: 15/15
 11726 | Lair:1   | Noticed a catoblepas
 11726 | Lair:1   | Noticed a dire elephant
 11748 | Lair:1   | Found a runed translucent door.
 12119 | Lair:2   | Noticed a five-headed hydra
 12684 | Lair:2   | Killed a five-headed hydra
 12685 | Lair:2   | Reached skill level 10 in Fighting
 13296 | Lair:2   | Found a hole to the Spider Nest.
 13500 | Lair:3   | Reached skill level 10 in Stealth
 13554 | Lair:3   | Noticed Kirke
 13985 | Lair:3   | Noticed Snorg
 14203 | Lair:3   | Killed Snorg
 14214 | Lair:3   | Reached skill level 10 in Short Blades
 14359 | Lair:3   | Noticed Amaemon
 14361 | Lair:3   | Noticed Rupert
 14948 | Lair:3   | Killed Kirke
 14949 | Lair:3   | Reached skill level 10 in Hexes
 14949 | Lair:3   | Reached XP level 13. HP: 68/113 MP: 16/16
 15067 | Lair:3   | Reached skill level 11 in Stealth
 15209 | Lair:4   | Reached skill level 10 in Dodging
 15717 | Lair:4   | Reached skill level 12 in Stealth
 16116 | Lair:5   | Entered Level 5 of the Lair of Beasts
 16143 | Lair:5   | Found a staircase to the Slime Pits.
 16667 | D:7      | Killed bimbombam's ghost
 16742 | D:7      | Bought a potion of lignification for 39 gold pieces
 16742 | D:7      | Bought a scroll of enchant weapon for 97 gold pieces
 16742 | D:7      | Bought a scroll of fog for 52 gold pieces
 16759 | D:7      | Learned a level 3 spell: Mephitic Cloud
 17164 | Lair:5   | Reached skill level 1 in Air Magic
 17170 | Lair:5   | Reached skill level 1 in Conjurations
 17170 | Lair:5   | Reached skill level 1 in Poison Magic
 18877 | Lair:5   | Reached skill level 13 in Stealth
 18905 | Lair:5   | Reached XP level 14. HP: 61/122 MP: 17/17
 22239 | D:12     | Reached skill level 1 in Fire Magic
 22401 | D:12     | Gained mutation: You are vulnerable to cold. (rC-) [potion
                  | of mutation]
 22401 | D:12     | Gained mutation: You are agile. (Dex +4, Str/Int -1)
                  | [potion of mutation]
 22462 | D:12     | Identified the +0 plate armour of the Trees {Str+2 Slay+5
                  | Stlth-}
 22825 | D:11     | Bought a book of Geomancy for 270 gold pieces
 22829 | D:11     | Learned a level 3 spell: Stone Arrow
 23232 | D:13     | Found Ryzy's Weapon Shoppe.
 23459 | D:13     | Found Liosawk's Jewellery Boutique.
 23464 | D:13     | Found an iron altar of Okawaru.
 23608 | D:13     | Bought a ring of wizardry for 570 gold pieces
 23620 | D:13     | Learned a level 5 spell: Arcjolt
 23724 | D:13     | Found Duah's Weapon Shoppe.
 24253 | D:13     | Reached skill level 1 in Earth Magic
 24432 | D:13     | HP: 6/124 [tengu warrior/bolt (14)]
 24838 | D:13     | Found Wavvix's Antique Weapon Shoppe.
 25811 | D:13     | Reached skill level 5 in Air Magic
 25898 | D:13     | Found Xeasch's Book Boutique.
 26008 | D:13     | Reached skill level 14 in Stealth
 26021 | D:13     | Found a gate to the Vaults.
 26307 | D:14     | Found a runed translucent gate.
 26307 | D:14     | Found a runed translucent gate.
 26308 | D:14     | Found an opulent altar of Gozag.
 26308 | D:14     | Found a runed translucent gate.
 26315 | D:14     | Noticed Jerry's ghost (journeyman TrGl)
 26315 | D:14     | Noticed a sphinx
 26316 | D:14     | Found Haungi Emuha's Assorted Antiques.
 26579 | D:14     | Identified the amulet "Soudgh" {Reflect Int+4 SH+5 Stlth+}
 26887 | D:14     | Found a runed translucent door.
 27142 | D:14     | Noticed Lodul
 27151 | D:14     | Killed Lodul
 27461 | D:15     | Entered Level 15 of the Dungeon
 27719 | D:15     | Reached XP level 15. HP: 132/132 MP: 20/20
 27791 | D:15     | Found a staircase to the Depths.
 27841 | D:15     | Reached skill level 5 in Conjurations
 28061 | D:15     | Learned a level 5 spell: Summon Mana Viper
 28063 | D:15     | Learned a level 1 spell: Apportation
 28518 | Orc:1    | Entered Level 1 of the Orcish Mines
 28549 | Orc:2    | Entered Level 2 of the Orcish Mines
 28651 | Orc:2    | Found a staircase to the Elven Halls.
 28855 | Orc:1    | HP: 8/198 [orc warlord (6)]
 29920 | Orc:2    | Found Avvec's Jewellery Emporium.
 29920 | Orc:2    | Found Mokhlaeti's Magic Scroll Boutique.
 30252 | Orc:2    | Reached skill level 15 in Stealth
 30417 | Orc:2    | Reached skill level 5 in Spellcasting
 30644 | Orc:2    | Bought a scroll of blinking for 75 gold pieces
 30644 | Orc:2    | Bought a scroll of teleportation for 30 gold pieces
 30760 | Orc:2    | Found Fialut's Magic Scroll Emporium.
 30760 | Orc:2    | Found Afechutu's Assorted Antiques.
 30766 | Orc:2    | Bought a scroll of blinking for 105 gold pieces
 30766 | Orc:2    | Bought a scroll of teleportation for 42 gold pieces
 30766 | Orc:2    | Bought a scroll of enchant weapon for 105 gold pieces
 31658 | Orc:2    | Bought a scroll of enchant armour for 105 gold pieces
 31689 | Orc:2    | Bought a scroll of enchant armour for 75 gold pieces
 31881 | Lair:3   | Killed Amaemon
 31999 | Lair:3   | Paralysed by Rupert for 5 turns
 32022 | Lair:3   | Killed Rupert
 32247 | Lair:3   | Found a staircase to the Shoals.
 32426 | Shoals:1 | Entered Level 1 of the Shoals
 33060 | D:13     | Bought a ring of flight for 332 gold pieces
 33352 | Shoals:1 | Found Neiq's Antique Weapon Emporium.
 33705 | Shoals:1 | Found a large runed translucent door.
 33705 | Shoals:1 | Found a large runed translucent door.
 33708 | Shoals:1 | Noticed ozzols's ghost (adept MiBe)
 34317 | Shoals:3 | Noticed Bai Suzhen
 34352 | Shoals:3 | Found Xioseq's Antique Armour Boutique.
 34417 | Shoals:4 | Entered Level 4 of the Shoals
 34429 | Shoals:3 | Found Muigyel's Jewellery Shoppe.
 35415 | Shoals:4 | Reached skill level 16 in Stealth
 35690 | Shoals:4 | Noticed Polyphemus
 35726 | Shoals:4 | Reached XP level 16. HP: 131/143 MP: 25/25
 35751 | Shoals:4 | Killed Polyphemus
 35989 | Shoals:3 | HP: 7/143 [poisoned by a sea snake]
 36568 | Shoals:4 | Identified the +0 tower shield "Forget-Me-Not" {*Corrode
                  | rF+++ Dex+3 SInv}
 36861 | Shoals:4 | Reached skill level 1 in Evocations
 36894 | Shoals:4 | Noticed a kraken
 36902 | Shoals:4 | Killed a kraken
 36916 | Shoals:4 | Identified the staff of cold "Nikhlaclu" {rPois rC+}
 37207 | Shoals:4 | Got the Secrets of Virous Power
 37224 | Shoals:4 | HP: 5/140 [merfolk javelineer/javelin (16)]
 37239 | Shoals:4 | HP: 1/143 [merfolk javelineer/javelin (19)]
 37240 | Shoals:4 | Hit by a javelin thrown by a merfolk javelineer

Illustrated notes

Levels and vault maps discovered:
D:1:      dpeg_arrival_caged_fury, layout_loops_ring, grunt_decor_cap,
          minmay_tall_x
D:2:      layout_loops_cross, serial_forest, infiniplex_forest_lined_room_3,
          infiniplex_forest_diagonal, infiniplex_forest_lined_2,
          infiniplex_forest_lined_2, infiniplex_forest_zigzag_2,
          infiniplex_forest_lined_2, infiniplex_forest_clump_large,
          infiniplex_forest_end_1, uniq_natasha, uniq_terence
D:3:      layout_basic, gammafunk_ghost_grave,
          shapermc_ecumenical_altar_pompeii, nicolae_hexahallways, minivault_19,
          serial_bayou_lake_a, uniq_grinder, uniq_robin
D:4:      layout_gridville, mainiacjoe_overflow_catwalk, portal_sewer_entry_a,
          nicolae_shop_sticking_my_neck_out
D:5:      layout_rooms, lemuel_round_altar, nicolae_qazlal_scattered_showers,
          chequers_serial_rivers_micro_d, ebering_dispersal_statue_hall,
          uniq_edmund
D:6:      layout_basic, fedhas_altar_3, tso_altar, lemuel_tele_altar,
          lemuel_zombie_altar_kikubaaqudgha, mainiacjoe_overflow_divided_tiny,
          temple_statues, uniq_maggie
D:7:      layout_loops_corners, nicolae_uskayaw_en_pointe, kennysheep_mini,
          mainiacjoe_overflow_surrounded_room,
          nicolae_hepliaklqana_ecumenical_no_more,
          nicolae_ossuary_entry_catacombs, gammafunk_ghost_split,
          enter_bailey_4, uniq_pikel
D:8:      layout_loops_ring, general_overflow_altar, uniq_grum
D:9:      cheibrodos_helix_gallery, layout_rooms, mainiacjoe_overflow_24_doors
D:10:     layout_loops_ring, mainiacjoe_overflow_small_starburst,
          grunt_lair_entry_orc_guard_hut, orc_0_dummy,
          minmay_guarded_unrand_variability
D:11:     layout_cave_pools, minmay_misc_feat_room
D:12:     layout_loops_ring
D:13:     layout_roguey, grunt_vaults_entry_fortified, serial_shops,
          nicolae_shop_window_shopping, shop, nicolae_shop_tiny_real_fake_doors,
          nicolae_shop_just_a_little_nook, nicolae_shop_tiny_statue_garden,
          kennysheep_okawaru_gauntlet
D:14:     layout_basic, serial_bayou_ford_a, ebering_ghost_gozag,
          lightli_airlock, uniq_lodul
D:15:     grunt_enter_depths_magical_seal, layout_rooms, lemuel_another_geyser
Lair:1:   gammafunk_lair_enchanted_lake, layout_hall_layers,
          gauntlet_entry_generic, portal_ice_cave_entry_ice_simulacra,
          serial_bayou_crossing, grunt_megastairs_4, serial_bayou_shore_b,
          infiniplex_staircase_pool
Lair:2:   layout_hall_layers, spider_nest_entry_funnel_web, grunt_megastairs_5
Lair:3:   layout_chaotic_city, minmay_shoals_entry_hut, serial_bayou_pond_e,
          uniq_kirke, uniq_amaemon, uniq_rupert, uniq_snorg
Lair:4:   beast_lair_carwin_large_3, layout_misc_corridors
Lair:5:   guppyfry_lair_end_dragon, layout_small_grid,
          hangedman_lair_caniforms_friends, minmay_slime_entry_pillars,
          chequers_serial_rivers_room_b, minmay_hedge_maze, lemuel_fruit_tree
Shoals:1: layout_shoals, ebering_ghost_disaster_area, serial_shops,
          nicolae_shop_crystal
Shoals:2: layout_shoals
Shoals:3: layout_shoals, serial_shops, nicolae_shop_advertising_works
          [nicolae_subvault_shop_adworks], shop, shop,
          nicolae_shop_overgrown_old_shop, nicolae_shoals_gull_way,
          uniq_bai_suzhen
Shoals:4: shoals_end_simple, layout_shoals, uniq_polyphemus
Orc:1:    layout_diamond_mine, basic_altar, nicolae_volcano_entry_s_turn,
          minmay_shop_enchanted_jewellery
Orc:2:    st_orc_town, layout_diamond_mine, basic_altar

Skill      XL: |  1  2  3  4  5  6  7  8  9 10 11 12 13 14 15 16 |
---------------+-------------------------------------------------+-----
Dodging        | 2 3 4 5 6 7 8 9 10 | 10.0
Fighting       | 1 2 3 4 5 6 8 9 10 11 13 | 13.5
Stealth        | 3 4 5 7 8 9 10 13 14 16 | 16.7
Hexes          | 3 4 5 6 7 8 10 11 | 11.0
Short Blades   | 2 3 4 5 6 7 8 10 11 12 13 | 13.1
Air Magic      | 3 5 8 |  8.9
Conjurations   | 2 4 5 |  5.0
Poison Magic   | 2 3 |  3.0
Fire Magic     | 1 |  1.0
Earth Magic    | 1 |  1.0
Spellcasting   | 3 6 |  6.0
Evocations     | 2 |  2.6

Action                     |  1- 3 |  4- 6 |  7- 9 | 10-12 | 13-15 | 16-18 || total
---------------------------+-------+-------+-------+-------+-------+-------++-------
  Melee: Dagger            |   118 |   146 |   188 |       |       |       ||   452
         Tailslap          |     8 |    11 |    32 |    69 |   262 |    22 ||   404
         Punch             |     1 |     1 |     3 |    10 |    22 |     1 ||    38
         Rapier            |       |       |    37 |   460 |  1365 |   105 ||  1967
         Unarmed           |       |       |       |     4 |       |       ||     4
  Throw: Dart              |       |       |       |     3 |       |       ||     3
   Cast: Ensorcelled Hiber |     3 |    24 |    56 |   199 |   266 |    40 ||   588
         Dazzling Flash    |       |     2 |     5 |    26 |    40 |     2 ||    75
         Tukima's Dance    |       |       |    31 |    21 |    36 |       ||    88
         Call Imp          |       |       |       |     2 |    10 |       ||    12
         Mephitic Cloud    |       |       |       |       |    35 |       ||    35
         Arcjolt           |       |       |       |       |    46 |       ||    46
         Summon Mana Viper |       |       |       |       |    21 |     5 ||    26
 Invoke: Call Merchant     |       |       |       |     2 |     2 |       ||     4
         Potion Petition   |       |       |       |       |     2 |     4 ||     6
Ability: Breathe Steam     |       |       |    17 |     9 |    31 |     2 ||    59
  Evoke: Wand              |       |     6 |       |     2 |     2 |       ||    10
         Box of beasts     |       |       |       |     2 |     1 |       ||     3
    Use: Potion            |       |     2 |     5 |     2 |     6 |     7 ||    22
         Scroll            |       |     1 |     4 |     7 |    40 |     1 ||    53
   Stab: Sleeping          |     3 |    20 |    30 |   108 |   132 |    24 ||   317
         Invisible         |       |     1 |     8 |     8 |    26 |       ||    43
         Distracted        |       |       |     4 |     3 |    14 |     2 ||    23
         Paralysed         |       |       |       |     1 |       |       ||     1
         Confused          |       |       |       |       |    27 |       ||    27
         Petrified         |       |       |       |       |     2 |       ||     2
 Armour: Skin              |    29 |    54 |    74 |   148 |   509 |    29 ||   843
  Dodge: Dodged            |    62 |    93 |   157 |   391 |  1385 |    80 ||  2168
  Block: Other             |       |       |       |       |   103 |    23 ||   126
         Reflection        |       |       |       |       |    12 |     1 ||    13
